Cogmind - Beta 13 @@@ ROGUE MODE // 2024.07.16 @ 17:51:11 Player: Berg Result: Destroyed by H-77 Assassin with High-powered Shotgun Performance ------------- Evolutions (6) 3000 Regions Visited (14) 2800 Robots Destroyed (145) 725 Value Destroyed (5675) 5675 Prototype IDs (21) 420 Alien Tech Used (0) 0 Bonus (2131) 2131 TOTAL SCORE: 14751 Bonus ------- High Alert Combat Kills 278 Entered DSFs 500 Met Warlord at Base 500 MAIN.C Attacked Warlord 500 Warlord Defense Kills 388 Friendly Fire -35 Cogmind --------- Core Integrity 0/1150 Matter 290/300 Energy 81/100 System Corruption 2% Temperature Cool (2) Movement Flying (40) Location -4/Warlord Parts ------- > --- POWER (2) -------- (None) > --- PROPULSION (6) --- Xenon Bombardment Thruster > --- UTILITY (7) ------ (None) > --- WEAPON (4) ------- (None) > --- INVENTORY (5) ---- Flexi-carbon Leg Hacking Suite Vortex Rifle (11) Molecular Deconstructor Peak State ------------ > --- POWER ------------ Particle Reactor Light Quantum Reactor > --- PROPULSION ------- Flexi-carbon Leg Flexi-carbon Leg Flexi-carbon Leg Armored Leg Armored Leg Myomer Leg > --- UTILITY ---------- Advanced Cryofiber Web Advanced Heat Sink Advanced Heat Sink Large Storage Unit Improved Medium Armor Plating Improved Heavy Armor Plating > --- WEAPON ----------- Plasma Rifle Heavy Beamcaster Vortex Rifle Heavy Gauss Cannon > --- INVENTORY -------- Angular Momentum Engine Flexi-carbon Leg Flexi-carbon Leg Advanced Heat Sink Improved Cooling System Improved Cooling System Matter Compressor Improved Medium Armor Plating Hacking Suite Heavy Laser Vortex Rifle Improved Plasma Cutter Molecular Deconstructor [Rating: 114] Favorites ----------- Power Ion Engine Engine Ion Engine Power Core Neutrino Core Reactor Particle Reactor Propulsion Armored Leg Treads Light Treads Leg Armored Leg Hover Unit Gravmag Array Flight Unit Improved VTOL Module Utility Large Storage Unit Device Improved Cooling System Storage Large Storage Unit Processor Targeting Computer Protection Improved Medium Armor Plating Weapon Heavy Machine Gun Energy Gun Plasma Rifle Energy Cannon Particle Cannon Ballistic Gun Heavy Machine Gun Ballistic Cannon Heavy Gauss Cannon Launcher Rocket Launcher Special Weapon Molecular Deconstructor Slashing Weapon Chainsword Build | -11 -10 -10 -10 -8 -7 -6 -6 -5 -5 -5 -4 -4 -4 -4 ------- Run | Yrd Mat Min Sub Mat Fac Fac DSF Fac Upp Upp Fac Upp Upp War Slots Evolved 12 | . . . . 4 2 2 . 2 . . 2 . . . Power 1 | . . . . . . 1 . . . . . . . . Propulsion 4 | . . . . 1 2 1 . . . . . . . . Utility 5 | . . . . 2 . . . 2 . . 1 . . . Weapon 2 | . . . . 1 . . . . . . 1 . . . Parts Attached 153 | 7 6 5 8 41 21 1 11 8 5 2 6 3 17 12 Power 13 | 1 . . 1 3 2 . . 1 1 . 1 . 2 1 Engine 4 | 1 . . 1 1 1 . . . . . . . . . Core 4 | . . . . 2 1 . . 1 . . . . . . Reactor 5 | . . . . . . . . . 1 . 1 . 2 1 Propulsion 45 | 2 . 1 2 7 8 . 8 2 2 1 3 . 4 5 Treads 9 | 2 . 1 2 . 1 . 1 2 . . . . . . Leg 31 | . . . . 6 7 . 4 . 2 1 3 . 4 4 Wheel . | . . . . . . . . . . . . . . . Hover 3 | . . . . . . . 3 . . . . . . . Flight 2 | . . . . 1 . . . . . . . . . 1 Utility 47 | 2 2 1 1 20 6 1 1 2 1 1 1 2 5 1 Device 12 | 1 . . . 6 1 . . . 1 . 1 . 2 . Storage 2 | 1 1 . . . . . . . . . . . . . Processor 2 | . . . . 2 . . . . . . . . . . Hackware . | . . . . . . . . . . . . . . . Protection 31 | . 1 1 1 12 5 1 1 2 . 1 . 2 3 1 Artifact . | . . . . . . . . . . . . . . . Weapon 48 | 2 4 3 4 11 5 . 2 3 1 . 1 1 6 5 Energy Gun 16 | 1 2 . 1 2 1 . . . . . 1 . 3 5 Energy Cannon 1 | . 1 . . . . . . . . . . . . . Ballistic Gun 25 | 1 1 1 2 9 4 . 1 3 1 . . 1 1 . Ballistic Cannon 1 | . . . . . . . . . . . . . 1 . Launcher 3 | . . 2 1 . . . . . . . . . . . Special Weapon 1 | . . . . . . . . . . . . . 1 . Impact Weapon . | . . . . . . . . . . . . . . . Slashing Weapon 1 | . . . . . . . 1 . . . . . . . Piercing Weapon . | . . . . . . . . . . . . . . . Special Melee Weapon . | . . . . . . . . . . . . . . . Unidentified Prototypes 9 | . 1 . . 4 1 . . . . . 1 . 1 1 Corrupted Parts 1 | . . . . . . . . . . . 1 . . . System Corruption 3 | . . . . . . . . . . . 3 . . . Parts Lost 47 | . . 2 3 5 7 . . . 2 . . 2 13 13 Power 7 | . . . 1 1 . . . . . . . . 2 3 Propulsion 11 | . . 1 . 1 2 . . . 2 . . . 1 4 Utility 15 | . . 1 1 1 2 . . . . . . 2 5 3 Weapon 14 | . . . 1 2 3 . . . . . . . 5 3 Highest Loss Streak 12 | . . 2 1 2 3 . . . 2 . . 2 12 12 To Critical Strikes . | . . . . . . . . . . . . . . . Average Slot Usage (%) 92 | . 97 99 97 90 92 86 76 80 92 100 94 94 87 90 Engine 6 | . 14 14 13 5 1 6 6 5 1 . . . . . Core 1 | . . . . 1 5 . . 1 5 5 5 5 2 . Reactor 2 | . . . . . . . . . 3 5 5 5 6 9 Treads 10 | . 28 28 28 2 5 6 3 6 8 . . . . . Leg 16 | . . . . 13 22 26 17 23 25 35 31 31 30 30 Device 8 | . 3 . . 13 11 6 6 5 5 11 10 15 12 14 Storage 8 | . 14 14 14 7 6 6 6 5 5 5 5 5 5 4 Processor 1 | . . . . 5 4 . . . . . . . . . Protection 13 | . 10 13 14 15 13 13 7 11 16 17 15 10 9 9 Energy Gun 3 | . 5 1 . 3 5 6 . . . . 4 5 6 12 Ballistic Gun 13 | . 15 13 12 18 14 13 13 16 17 17 15 15 7 . Launcher 3 | . . 12 13 . . . . . . . . . . . Naked Turns 5 | . . . . . . . . . . . . . . 5 Heaviest Build 107 | 14 35 34 38 54 53 51 58 88 104 97 103 102 102 107 Greatest Support 122 | 40 40 40 40 72 103 71 71 64 99 99 104 104 108 122 Greatest Overweight (x) 4 | 4 . . . 1 1 . 2 1 1 . 1 . 1 1 Average Overweight (x) . | . . . . . . . . . . . . . . . Largest Inventory Capacity 15 | 8 15 15 15 15 15 15 15 15 15 15 15 15 15 15 Average Capacity 14 | 7 14 15 15 15 15 15 15 15 15 15 15 15 15 14 Most Carried 15 | 4 15 15 15 15 15 15 15 15 15 15 15 15 15 15 Average Carried 13 | 2 12 14 14 13 14 14 14 13 14 14 14 14 11 11 Final Capacity 15 | 8 15 15 15 15 15 15 15 15 15 15 15 15 15 5 Final Carried 15 | 4 15 15 14 15 14 15 14 14 15 15 14 15 10 5 Class Distribution -------------------- 52% | Scavenger-Tank 33% | Mutant 9% | Tank Dominant Class ---------------- Mutant | -10/Materials Mutant | -10/Mines Mutant | -10/Subcaves Scavenger-Tank | -8/Materials Scavenger-Tank | -7/Factory Tank | -6/Factory Mutant | -6/DSF Scavenger-Tank | -5/Factory Scavenger-Tank | -5/Upper Caves Scavenger-Tank | -5/Upper Caves Scavenger-Tank | -4/Factory Scavenger-Tank | -4/Upper Caves Scavenger-Tank | -4/Upper Caves Scavenger-Tank | -4/Warlord Resources | -11 -10 -10 -10 -8 -7 -6 -6 -5 -5 -5 -4 -4 -4 -4 ----------- Run | Yrd Mat Min Sub Mat Fac Fac DSF Fac Upp Upp Fac Upp Upp War Matter Collected 4796 | 264 102 128 261 1388 331 113 58 215 504 85 164 191 779 213 Remotely 1311 | . . . . 1146 165 . . . . . . . . . Salvage Created 6049 | 126 619 59 180 2192 372 . 121 130 715 174 266 209 838 48 Parts 338 | 10 40 . 13 132 28 . 4 10 35 9 14 9 33 1 Haulers Intercepted 8 | . 2 . . 5 1 . . . . . . . . . Recyclers Shooed 1 | 1 . . . . . . . . . . . . . . Parts Field Recycled . | . . . . . . . . . . . . . . . Retrieved Matter . | . . . . . . . . . . . . . . . Parts Self-Destructed 65 | . . . 2 . . . . . 31 8 . 4 20 . Prevented 16 | . . . . . . . . . . . . 4 12 . Kills | -11 -10 -10 -10 -8 -7 -6 -6 -5 -5 -5 -4 -4 -4 -4 ------- Run | Yrd Mat Min Sub Mat Fac Fac DSF Fac Upp Upp Fac Upp Upp War Combat Hostiles Destroyed 125 | . 11 9 7 43 10 . 1 2 14 3 3 3 16 3 Melee 1 | . . . . . . . 1 . . . . . . . Guns 100 | . 6 . 1 43 10 . . 2 14 3 3 2 15 1 Cannons 8 | . 5 . . . . . . . . . . . 1 2 AOE 15 | . . 9 6 . . . . . . . . . . . Classes Destroyed 20 | 2 6 2 2 4 2 . . . . . . . 1 1 Worker 4 | . . 1 . 2 . . . . . . 1 . . . Builder 3 | . 1 . . 2 . . . . . . . . . . Tunneler 2 | 2 . . . . . . . . . . . . . . Hauler 8 | . 2 . . 5 1 . . . . . . . . . Recycler 3 | 1 2 . . . . . . . . . . . . . Operator 2 | . 1 . . 1 . . . . . . . . . . Watcher 8 | . 2 . . 5 1 . . . . . . . . . Swarmer 18 | . 3 . . 7 . . . . 2 . . . 6 . Cutter 2 | . . . . . 2 . . . . . . . . . Grunt 51 | . 8 . . 22 4 . . . 5 2 3 . 6 1 Brawler 1 | . . . . . . . . . . . . . 1 . Duelist 7 | . . . . 1 2 . . . 1 1 . . 2 . Protector 1 | . . . . . . . . . . . . . . 1 Sentry 14 | . . . 1 9 . . . 2 1 . . . 1 . Specialist 3 | . . . . 2 . . 1 . . . . . . . Hunter 7 | . . . . 1 . . . . 4 . . 2 . . Programmer 4 | . . . . . 1 . . . 1 . . 1 . 1 Heavy 2 | . . . . 1 1 . . . . . . . . . Subdweller 6 | . . . 6 . . . . . . . . . . . Assembled 9 | . . 9 . . . . . . . . . . . . Best Kill Streak 7 | 2 4 7 2 6 4 . 1 1 7 3 3 2 7 2 Combat Bots Only 7 | . 3 6 2 5 4 . 1 1 7 3 3 2 7 2 Max Kills in Single Turn 3 | 1 1 3 2 2 1 . 1 1 1 1 1 1 2 1 Gunslinging 1 | . . . . 1 . . . . . . . . 1 . Exploded 3 | . . 3 2 . . . . . . . . . . . Melee 1 | . . . . . . . 1 . . . . . . . Uniques/NPCs Destroyed . | . . . . . . . . . . . . . . . Combat | -11 -10 -10 -10 -8 -7 -6 -6 -5 -5 -5 -4 -4 -4 -4 -------- Run | Yrd Mat Min Sub Mat Fac Fac DSF Fac Upp Upp Fac Upp Upp War Hostile Shots Fired 1017 | . 41 40 31 171 63 . 14 10 116 9 16 44 207 255 Missed 320 | . 9 13 8 42 18 . 4 3 34 2 5 24 56 102 Damage Taken 14269 | . 356 398 613 2052 1546 . 229 168 1607 145 219 355 3601 2980 Core 1606 | . 17 52 89 207 17 . 25 . 43 . . . 301 855 Absorbed by Shields . | . . . . . . . . . . . . . . . Regen/Repaired (Parts) 652 | . . . . . . . . . . . . . . 652 Core Remaining (%) 81 | 100 . . 36 62 97 . 97 . . 95 . . . . Volleys Fired 385 | 4 44 15 34 120 34 . 3 7 39 5 10 9 50 11 Largest 4 | 2 2 2 2 3 3 . 1 3 3 3 4 4 4 4 Hottest 257 | 60 88 50 93 117 116 . 30 85 95 95 165 165 205 257 Shots Fired 984 | 8 81 18 39 348 83 . 3 20 110 15 39 37 140 43 Gun 908 | 8 60 8 25 348 83 . 3 20 110 15 39 37 120 32 Cannon 52 | . 21 . . . . . . . . . . . 20 11 Launcher 24 | . . 10 14 . . . . . . . . . . . Special . | . . . . . . . . . . . . . . . Kinetic 709 | 4 39 8 23 265 61 . 3 20 110 15 30 28 92 11 Thermal 191 | . 36 . 2 83 22 . . . . . . . 26 22 Explosive 24 | . . 10 14 . . . . . . . . . . . Electromagnetic 50 | 4 6 . . . . . . . . . 9 9 22 . Entropic 10 | . . . . . . . . . . . . . . 10 Robot Hit Streak 34 | 5 8 5 29 34 11 . . 10 13 9 5 4 11 9 Robot Miss Streak 7 | . 4 5 . 5 4 . . 2 2 2 6 4 7 6 Penetration Max 1 | . . . . . . . . . . . . . 1 . Secondary Targets 27 | . 3 . . 6 2 . . . 5 2 1 . 8 . Max Gunslinging Chain 1 | . 1 . . 1 1 . . . 1 1 1 . 1 . Shots Hit Robots 642 | 5 45 6 28 256 60 . 4 13 70 12 18 20 81 24 Core Hits 323 | 4 28 17 12 119 29 . 1 8 36 6 10 7 39 7 Critical Kills 1 | . . . . . . . . . . . . . 1 . Critical Parts Destroyed 3 | . . . . 1 . . . . 2 . . . . . Critical Strikes 26 | . . . . 8 . . 2 . 2 . . . 7 7 Burn 12 | . . . . 7 . . . . . . . . 2 3 Destroy 4 | . . . . 1 . . . . 2 . . . 1 . Blast 8 | . . . . . . . . . . . . . 4 4 Sever 2 | . . . . . . . 2 . . . . . . . Melee Attacks 5 | . . . . . . . 5 . . . . . . . Impact . | . . . . . . . . . . . . . . . Slashing 5 | . . . . . . . 5 . . . . . . . Piercing . | . . . . . . . . . . . . . . . Sneak Attacks . | . . . . . . . . . . . . . . . Combat Hostiles . | . . . . . . . . . . . . . . . Follow-up Attacks . | . . . . . . . . . . . . . . . Damage Inflicted 14970 | 56 643 413 1091 4762 1204 . 160 301 1565 311 554 553 2455 902 Guns 12358 | 56 337 48 321 4712 1204 . . 286 1546 311 528 542 1900 567 Cannons 1172 | . 282 . . . . . . . . . . . 555 335 Explosions 1135 | . . 365 770 . . . . . . . . . . . Melee 160 | . . . . . . . 160 . . . . . . . Ramming 145 | . 24 . . 50 . . . 15 19 . 26 11 . . Kinetic 9724 | 7 152 48 277 3439 914 . . 286 1546 311 427 385 1597 335 Thermal 2719 | . 392 . 44 1273 290 . . . . . . . 451 269 Explosive 1135 | . . 365 770 . . . . . . . . . . . Electromagnetic 789 | 49 75 . . . . . . . . . 101 157 407 . Impact . | . . . . . . . . . . . . . . . Slashing 160 | . . . . . . . 160 . . . . . . . Piercing . | . . . . . . . . . . . . . . . Entropic 298 | . . . . . . . . . . . . . . 298 Highest Corruption 3 | . . . . 2 . . . . 1 1 3 3 3 3 Average Corruption 2 | . . . . 2 . . . . 1 1 3 3 3 2 Corruption Purged . | . . . . . . . . . . . . . . . Corruption Blocked . | . . . . . . . . . . . . . . . Effects 57 | . . . . 16 . . . . 2 1 3 10 18 7 Message Errors 10 | . . . . 3 . . . . 1 . . 2 3 1 Matter Fused 13 | . . . . 5 . . . . . . . 3 2 3 Heat Flow Errors 4 | . . . . 1 . . . . 1 . . . 2 . Energy Discharges 5 | . . . . 3 . . . . . . . . 2 . Parts Rejected 1 | . . . . . . . . . . . . . . 1 Parts Fused 1 | . . . . . . . . . . . . . 1 . Data Loss (minor) 9 | . . . . 2 . . . . . . 1 3 3 . Data Loss (major) 3 | . . . . 1 . . . . . . . 1 . 1 Misfires 3 | . . . . 1 . . . . . . . 1 1 . Alerts 3 | . . . . . . . . . . 1 1 . 1 . Weapon Failures 5 | . . . . . . . . . . . 1 . 3 1 Overload Shots . | . . . . . . . . . . . . . . . Overflow Damage 88 | . . . . . . . . . . . . 6 11 71 Projectiles 82 | . . . . . . . . . . . . . 11 71 Explosions . | . . . . . . . . . . . . . . . Melee 6 | . . . . . . . . . . . . 6 . . Knockbacks 13 | . . . . 2 . . . 1 . . . . 6 4 Impact 3 | . . . . 2 . . . 1 . . . . . . Kinetic 10 | . . . . . . . . . . . . . 6 4 Secondary . | . . . . . . . . . . . . . . . Self-Inflicted Damage 19 | . . 19 . . . . . . . . . . . . Shots 1 | . . 1 . . . . . . . . . . . . Rammed 2 | . 2 . . . . . . . . . . . . . Targets Rammed 17 | . 4 . . 7 . . . 2 2 . 1 1 . . Kicked 13 | . . . . 7 . . . 2 2 . 1 1 . . Crushed 2 | . 2 . . . . . . . . . . . . . Highest Temperature 323 | 40 299 40 273 323 21 . . . 84 5 321 . 186 45 Average Temperature 85 | 18 116 16 151 58 9 . . . 33 2 166 . 52 25 Received Heat Transfer 3098 | . 180 . 429 774 171 . . 18 162 54 93 . 635 582 Effects 2 | . 1 . . 1 . . . . . . . . . . Interference 2 | . 1 . . 1 . . . . . . . . . . Siege Activations . | . . . . . . . . . . . . . . . Robots Corrupted 1 | . . . . . . . . . . . . 1 . . Combat Hostiles 1 | . . . . . . . . . . . . 1 . . Parts Fried 2 | . 1 . . . . . . . . . . 1 . . Impact Corruptions 2 | . . . . . . . . . . . . 2 . . Robots Melted . | . . . . . . . . . . . . . . . Combat Hostiles . | . . . . . . . . . . . . . . . Parts Melted 5 | . 1 . . 2 . . . . . . . . 2 . Heat Transferred 6290 | . 768 . 50 3219 592 . . . . . . . 1051 610 Parts Sabotaged . | . . . . . . . . . . . . . . . Parts Stolen . | . . . . . . . . . . . . . . . Parts Stripped . | . . . . . . . . . . . . . . . Power Chain Reactions . | . . . . . . . . . . . . . . . Alert | -11 -10 -10 -10 -8 -7 -6 -6 -5 -5 -5 -4 -4 -4 -4 ------- Run | Yrd Mat Min Sub Mat Fac Fac DSF Fac Upp Upp Fac Upp Upp War Peak Influence 856 | 15 239 40 . 856 396 195 201 199 . . 164 . . . Initial 389 | . 9 14 . . 389 190 136 105 . . 63 . . . Average 209 | 5 99 21 . 287 340 190 162 162 . . 108 . . . Maximum Alert Level 3 | . 1 . . 3 1 . 1 . . . . . . . Low Security (%) 68 | 100 96 100 . 55 16 100 95 100 . . 100 . . . Level 1 15 | . 3 . . 6 83 . 4 . . . . . . . Level 2 9 | . . . . 22 . . . . . . . . . . Level 3 6 | . . . . 15 . . . . . . . . . . Level 4 . | . . . . . . . . . . . . . . . Level 5 . | . . . . . . . . . . . . . . . High Security . | . . . . . . . . . . . . . . . Max Security . | . . . . . . . . . . . . . . . Squads Dispatched 17 | . 2 . . 9 3 1 . . . . 1 . 1 . Investigation 2 | . . . . 1 . 1 . . . . . . . . Extermination 1 | . . . . . 1 . . . . . . . . . Reinforcement 10 | . 2 . . 5 2 . . . . . 1 . . . Assault 1 | . . . . . . . . . . . . . 1 . Garrison 3 | . . . . 3 . . . . . . . . . . Intercept . | . . . . . . . . . . . . . . . Searches Triggered . | . . . . . . . . . . . . . . . Construction Impeded 1 | . . . . 1 . . . . . . . . . . Haulers Reinforced . | . . . . . . . . . . . . . . . Active Scanning Responses . | . . . . . . . . . . . . . . . Cargo Convoy Interrupts . | . . . . . . . . . . . . . . . Stealth | -11 -10 -10 -10 -8 -7 -6 -6 -5 -5 -5 -4 -4 -4 -4 --------- Run | Yrd Mat Min Sub Mat Fac Fac DSF Fac Upp Upp Fac Upp Upp War Distress Signals 11 | . 2 . . 4 2 . . . . . . . . 3 Communications Jammed . | . . . . . . . . . . . . . . . Distress Signals . | . . . . . . . . . . . . . . . Times Spotted 203 | . 18 12 7 57 14 . 2 2 14 3 4 3 24 43 Peak Tracking Total 29 | . 4 10 2 5 4 . 2 1 7 3 2 2 8 29 Tactical Retreats 6 | . . 2 . 1 . . 2 . . . . . 1 . Traps | -11 -10 -10 -10 -8 -7 -6 -6 -5 -5 -5 -4 -4 -4 -4 ------- Run | Yrd Mat Min Sub Mat Fac Fac DSF Fac Upp Upp Fac Upp Upp War Traps Triggered 5 | . . . 1 2 1 . 1 . . . . . . . Indirectly . | . . . . . . . . . . . . . . . Trap Hack Attempts . | . . . . . . . . . . . . . . . Triggered . | . . . . . . . . . . . . . . . Disarmed . | . . . . . . . . . . . . . . . Reprogrammed . | . . . . . . . . . . . . . . . Reused . | . . . . . . . . . . . . . . . Traps Extracted . | . . . . . . . . . . . . . . . Installed . | . . . . . . . . . . . . . . . Triggered 16 | . . . . . . . . . 1 . . . . 15 Machines | -11 -10 -10 -10 -8 -7 -6 -6 -5 -5 -5 -4 -4 -4 -4 ---------- Run | Yrd Mat Min Sub Mat Fac Fac DSF Fac Upp Upp Fac Upp Upp War Machines Disabled 6 | . . . 1 2 . . 1 . . . . . 1 1 Max in Single Turn 1 | . . . 1 1 . . 1 . . . . . 1 1 Machines Repaired . | . . . . . . . . . . . . . . . Machines Dismantled . | . . . . . . . . . . . . . . . Machines Sabotaged . | . . . . . . . . . . . . . . . Overloaded Fab Kills . | . . . . . . . . . . . . . . . Hacking | -11 -10 -10 -10 -8 -7 -6 -6 -5 -5 -5 -4 -4 -4 -4 --------- Run | Yrd Mat Min Sub Mat Fac Fac DSF Fac Upp Upp Fac Upp Upp War Machines Accessed 19 | . 4 . 1 9 . 1 . 1 . . 1 . . 2 Terminals 16 | . 4 . . 9 . 1 . 1 . . 1 . . . Fabricators . | . . . . . . . . . . . . . . . Repair Stations . | . . . . . . . . . . . . . . . Recycling Units . | . . . . . . . . . . . . . . . Scanalyzers . | . . . . . . . . . . . . . . . Garrison Access . | . . . . . . . . . . . . . . . Total Hacks 49 | . 10 . 9 20 . 3 . 2 . . 2 . . 3 Successful 28 | . 5 . 9 9 . 1 . 1 . . . . . 3 Failed 21 | . 5 . . 11 . 2 . 1 . . 2 . . . Catastrophic 2 | . 1 . . 1 . . . . . . . . . . Database Lockouts . | . . . . . . . . . . . . . . . Manual 31 | . 10 . . 15 . . . 2 . . 2 . 1 1 Terminals 37 | . 10 . . 20 . 3 . 2 . . 2 . . . Fabricators . | . . . . . . . . . . . . . . . Repair Stations . | . . . . . . . . . . . . . . . Recycling Units . | . . . . . . . . . . . . . . . Scanalyzers . | . . . . . . . . . . . . . . . Garrison Access . | . . . . . . . . . . . . . . . Terminal Hacks 23 | . 2 . 9 8 . 1 . . . . . . . 3 Record 10 | . . . 8 . . . . . . . . . . 2 Robot Analysis 4 | . . . . 4 . . . . . . . . . . Prototype ID Bank 1 | . . . . 1 . . . . . . . . . . Open Door 1 | . . . . . . . . . . . . . . 1 Open DSF 1 | . . . . . . 1 . . . . . . . . Branch Access Points 2 | . 1 . . 1 . . . . . . . . . . Emergency Access Points 1 | . . . . 1 . . . . . . . . . . Terminal Index 2 | . 1 . . 1 . . . . . . . . . . Derelict Proto ID Bank 1 | . . . 1 . . . . . . . . . . . Fabricator Hacks . | . . . . . . . . . . . . . . . Repair Station Hacks . | . . . . . . . . . . . . . . . Recycling Unit Hacks . | . . . . . . . . . . . . . . . Scanalyzer . | . . . . . . . . . . . . . . . Garrison Access Hacks . | . . . . . . . . . . . . . . . Unauthorized Hacks 5 | . 3 . . 1 . . . 1 . . . . . . Terminals 5 | . 3 . . 1 . . . 1 . . . . . . Botnet 5 | . 3 . . 1 . . . 1 . . . . . . Fabricators . | . . . . . . . . . . . . . . . Repair Stations . | . . . . . . . . . . . . . . . Recycling Units . | . . . . . . . . . . . . . . . Scanalyzers . | . . . . . . . . . . . . . . . Garrison Access . | . . . . . . . . . . . . . . . Data Cores Recovered . | . . . . . . . . . . . . . . . Used . | . . . . . . . . . . . . . . . Hacking Detections 12 | . 3 . . 6 . 1 . 1 . . 1 . . . Full Trace Events 1 | . . . . . . 1 . . . . . . . . Feedback Events . | . . . . . . . . . . . . . . . Feedback Blocked . | . . . . . . . . . . . . . . . Robot Schematics Acquired . | . . . . . . . . . . . . . . . Robots Built . | . . . . . . . . . . . . . . . Authchips . | . . . . . . . . . . . . . . . Time . | . . . . . . . . . . . . . . . Total Robot Build Rating . | . . . . . . . . . . . . . . . Part Schematics Acquired . | . . . . . . . . . . . . . . . Parts Built . | . . . . . . . . . . . . . . . Authchips . | . . . . . . . . . . . . . . . Time . | . . . . . . . . . . . . . . . Total Part Build Rating . | . . . . . . . . . . . . . . . Parts Repaired . | . . . . . . . . . . . . . . . Time . | . . . . . . . . . . . . . . . Parts Recycled . | . . . . . . . . . . . . . . . Recycled Matter . | . . . . . . . . . . . . . . . Retrieved Matter . | . . . . . . . . . . . . . . . Retrieved Components . | . . . . . . . . . . . . . . . Parts Scanalyzed . | . . . . . . . . . . . . . . . Part Schematics Acquired . | . . . . . . . . . . . . . . . Parts Damaged . | . . . . . . . . . . . . . . . Bothacking | -11 -10 -10 -10 -8 -7 -6 -6 -5 -5 -5 -4 -4 -4 -4 ------------ Run | Yrd Mat Min Sub Mat Fac Fac DSF Fac Upp Upp Fac Upp Upp War Used RIF Installer . | . . . . . . . . . . . . . . . Robots Hacked . | . . . . . . . . . . . . . . . Non-combat . | . . . . . . . . . . . . . . . Combat . | . . . . . . . . . . . . . . . Robot Hacks Applied . | . . . . . . . . . . . . . . . Relay Couplers Released . | . . . . . . . . . . . . . . . Fabnet Peak Effective % . | . . . . . . . . . . . . . . . Robots Rewired . | . . . . . . . . . . . . . . . Allies Hacked . | . . . . . . . . . . . . . . . Hacks Repelled . | . . . . . . . . . . . . . . . Allies | -11 -10 -10 -10 -8 -7 -6 -6 -5 -5 -5 -4 -4 -4 -4 -------- Run | Yrd Mat Min Sub Mat Fac Fac DSF Fac Upp Upp Fac Upp Upp War Total Allies . | . . . . . . . . . . . . . . . Largest Group . | . . . . . . . . . . . . . . . Highest-Rated Group . | . . . . . . . . . . . . . . . Highest-Rated Ally . | . . . . . . . . . . . . . . . Total Orders . | . . . . . . . . . . . . . . . Ally Attacks . | . . . . . . . . . . . . . . . Total Damage . | . . . . . . . . . . . . . . . Kills . | . . . . . . . . . . . . . . . Allies Corrupted . | . . . . . . . . . . . . . . . Allies Melted . | . . . . . . . . . . . . . . . Intel | -11 -10 -10 -10 -8 -7 -6 -6 -5 -5 -5 -4 -4 -4 -4 ------- Run | Yrd Mat Min Sub Mat Fac Fac DSF Fac Upp Upp Fac Upp Upp War Robot Analysis Total 4 | . . . . 4 . . . . . . . . . . Derelict Logs Recovered 4 | . . 1 1 . . . . . 1 . . 1 . . Drone Launches . | . . . . . . . . . . . . . . . Drone Recoveries . | . . . . . . . . . . . . . . . Exploration | -11 -10 -10 -10 -8 -7 -6 -6 -5 -5 -5 -4 -4 -4 -4 ------------- Run | Yrd Mat Min Sub Mat Fac Fac DSF Fac Upp Upp Fac Upp Upp War Turns Passed 11879 | 153 874 607 2152 2352 774 146 125 335 1373 141 212 555 742 1338 Spaces Moved 6715 | 75 431 328 1132 1156 534 119 76 151 692 94 107 431 464 925 Core 26 | 16 . . . . . . . . . . . . . 10 Treads 2060 | 59 431 328 1132 110 . . . . . . . . . . Legs 4601 | . . . . 1046 534 119 51 151 692 94 107 431 464 912 Wheels . | . . . . . . . . . . . . . . . Hover 25 | . . . . . . . 25 . . . . . . . Flight 3 | . . . . . . . . . . . . . . 3 Fastest Speed 40 | 50 160 160 160 110 110 122 52 120 120 120 120 120 120 40 Average Speed 141 | 167 160 160 160 131 117 122 103 170 178 120 154 120 121 119 Slowest Speed 250 | 250 160 160 160 250 190 122 200 190 190 120 190 120 190 190 Overloaded Moves . | . . . . . . . . . . . . . . . Propulsion Burnouts . | . . . . . . . . . . . . . . . Robots Hopped . | . . . . . . . . . . . . . . . Cave-ins Triggered . | . . . . . . . . . . . . . . . Exploration Rate (%) 43 | 6 60 53 65 94 13 3 72 4 75 11 3 64 52 81 Regions Visited 14 Branch Regions 7 Pre-discovered Areas 1 | . . . 1 . . . . . . . . . . . Known Exits Taken 3 | . 1 . . 1 . 1 . . . . . . . . Unknown Exits Taken 10 | 1 . 1 1 . 1 . . 1 1 1 1 1 1 . Scrap Searched 18 | . . 1 6 . . . . . 5 . . 2 4 . Spaces Dug . | . . . . . . . . . . . . . . . Terrain Destroyed 255 | . . 59 83 4 . . . . 22 10 18 16 39 4 Melee . | . . . . . . . . . . . . . . . Projectile 113 | . . . . 4 . . . . 22 10 18 16 39 4 AOE 142 | . . 59 83 . . . . . . . . . . . Terrain Rammed . | . . . . . . . . . . . . . . . Walls Destroyed . | . . . . . . . . . . . . . . . Machines Disabled . | . . . . . . . . . . . . . . . Actions | -11 -10 -10 -10 -8 -7 -6 -6 -5 -5 -5 -4 -4 -4 -4 --------- Run | Yrd Mat Min Sub Mat Fac Fac DSF Fac Upp Upp Fac Upp Upp War Total 8385 | 92 547 393 1436 1739 625 119 115 212 749 111 134 447 538 1128 Wait 930 | 3 31 42 254 347 16 . . 41 9 11 . 1 2 173 Move 6701 | 74 430 327 1131 1155 533 118 75 150 691 93 106 430 463 925 Hop . | . . . . . . . . . . . . . . . Pick Up 70 | 4 17 2 4 22 8 . 3 1 . . 3 2 2 2 Fast Attach 71 | 7 4 2 . 17 7 . 10 5 3 . 2 . 7 7 Attach 39 | . 1 2 4 8 9 . . . . 1 . 2 8 4 Detach 23 | . 4 . 1 7 2 . 1 . . . . 1 2 5 Swap 44 | . 1 1 4 16 6 1 1 3 2 1 4 1 2 1 Drop 99 | . 11 2 4 40 10 . 17 3 2 . 8 . 2 . Fire 385 | 4 44 15 34 120 34 . 3 7 39 5 10 9 50 11 Melee 5 | . . . . . . . 5 . . . . . . . Ram . | . . . . . . . . . . . . . . . Kick 13 | . . . . 7 . . . 2 2 . 1 1 . . Crush 4 | . 4 . . . . . . . . . . . . . Escape Stasis . | . . . . . . . . . . . . . . . Rewire 1 | . . . . . . . . . 1 . . . . . Trap . | . . . . . . . . . . . . . . . Miscellaneous . | . . . . . . . . . . . . . . . Route ------- -11/Scrapyard -10/Materials (discovered 2 exits: [*Mat] / *Min) -10/Mines -10/Subcaves -8/Materials (discovered 2 exits: *Fac x2) -7/Factory -6/Factory -6/DSF -5/Factory -5/Upper Caves -5/Upper Caves -4/Factory (discovered 2 exits: Res / [*Upp]) -4/Upper Caves -4/Upper Caves -4/Warlord History --------- Turn | Location | Event 42 | -11/Scrapyard | Discovered new exit (range 14) 154 | -11/Scrapyard | Entered Materials 301 | -10/Materials | Build established: Mutant 577 | -10/Materials | Discovered new exit (range 16) 784 | -10/Materials | Identified exit to Mines 942 | -10/Materials | Discovered new exit (range 9) 1028 | -10/Materials | Entered Mines 1056 | -10/Mines | Learned Materials stockpile data 1085 | -10/Mines | Assembled infested the area 1244 | -10/Mines | Found a damaged Exp. Sensor Array with a note attached 1389 | -10/Mines | A weapon hastily lodged in a ceiling crevice suddenly fell to the ground 1424 | -10/Mines | Received a Rocket Launcher from a helpful Derelict 1551 | -10/Mines | Found a hidden stash of uninstalled traps 1618 | -10/Mines | Discovered new exit (range 11) 1635 | -10/Mines | Entered Subcaves 1705 | -10/Subcaves | Shifting Twisted Machinery released Mak. Hacking Suite 1709 | -10/Subcaves | Learned location of Zion (-6) 1709 | -10/Subcaves | Met a Zionite searching for "candidates" 2070 | -10/Subcaves | Visited 4L-MR0's lab 2099 | -10/Subcaves | Found Cargo Legs 3388 | -10/Subcaves | Learned Materials non-interactive machine intel 3427 | -10/Subcaves | Disturbed a concealed Subdweller 3456 | -10/Subcaves | Core integrity fell below 50% 3572 | -10/Subcaves | Shifting Twisted Machinery released Mak. Kinetic Plating 3573 | -10/Subcaves | Shifting Twisted Machinery released Battle Cannon 3776 | -10/Subcaves | Discovered new exit (range 5) 3787 | -10/Subcaves | Entered Materials 3787 | -8/Materials | Evolved 4 slots: Propulsion x1, Utility x2, Weapon x1 3789 | -8/Materials | Loaded intel: 34 non-interactive machine locations 4085 | -8/Materials | Attached Cargo Legs, gained temporary slots: Utility x2 4400 | -8/Materials | Build established: Scavenger-Tank 5265 | -8/Materials | Build established: Tank 5625 | -8/Materials | Discovered new exit (range 10) 5665 | -8/Materials | Garrison activated, responded to threat 5763 | -8/Materials | Identified exit to Factory 5781 | -8/Materials | Found Prototype Device 5781 | -8/Materials | Identified Active Sensor Suite 5996 | -8/Materials | Build established: Scavenger-Tank 6095 | -8/Materials | Discovered exit to Factory (range 10) 6139 | -8/Materials | Entered Factory 6139 | -7/Factory | Evolved 2 slots: Propulsion x2 6756 | -7/Factory | Lost 3 parts (1n1u1w) 6827 | -7/Factory | Lost 3 parts (1n1u1w) 6843 | -7/Factory | Discovered new exit (range 7) 6913 | -7/Factory | Entered another Factory area 6913 | -6/Factory | Evolved 2 slots: Power x1, Propulsion x1 7006 | -6/Factory | Build established: Tank 7054 | -6/Factory | Identified exit to DSF 7059 | -6/Factory | Entered DSF 7103 | -6/DSF | Additional patrols routed to DSF 7130 | -6/DSF | Discovered new exit (range 15) 7184 | -6/DSF | Entered Factory 7184 | -5/Factory | Evolved 2 slots: Utility x2 7319 | -5/Factory | Discovered new exit (range 16) 7519 | -5/Factory | Entered Upper Caves 7530 | -5/Upper Caves | Build established: Scavenger-Tank 7625 | -5/Upper Caves | Encountered a Warlord checkpoint 7981 | -5/Upper Caves | Attracted the attention of an 0b10 outpost 8041 | -5/Upper Caves | Destroyed 7 combat bots 8193 | -5/Upper Caves | Learned location of 1 exit from Factory 8465 | -5/Upper Caves | Discovered new exit (range 11) 8512 | -5/Upper Caves | Ambushed by research squad 8892 | -5/Upper Caves | Entered another Upper Caves area 9020 | -5/Upper Caves | Discovered new exit (range 11) 9033 | -5/Upper Caves | Entered Factory 9033 | -4/Factory | Evolved 2 slots: Utility x1, Weapon x1 9034 | -4/Factory | Identified exit to Research 9106 | -4/Factory | Discovered new exit (range 15) 9245 | -4/Factory | Entered Upper Caves 9304 | -4/Upper Caves | Learned Research terminal intel 9573 | -4/Upper Caves | Encountered a Warlord checkpoint 9742 | -4/Upper Caves | Discovered new exit (range 14) 9800 | -4/Upper Caves | Entered another Upper Caves area 10136 | -4/Upper Caves | Attracted the attention of an 0b10 outpost 10215 | -4/Upper Caves | Destroyed 7 combat bots 10251 | -4/Upper Caves | Lost 12 parts (2p1n4u5w) 10479 | -4/Upper Caves | Acquired the password to a Derelict Tinkerer's latest research 10487 | -4/Upper Caves | Found Prototype Special Weapon 10487 | -4/Upper Caves | Identified Molecular Deconstructor 10535 | -4/Upper Caves | Discovered new exit (range 6) 10542 | -4/Upper Caves | Entered Warlord 10605 | -4/Warlord | System corruption cleaned by Quarantine Array 10769 | -4/Warlord | Met Warlord 10794 | -4/Warlord | Warlord's base attacked by MAIN.C 11144 | -4/Warlord | Warlord forces counterattacked 11469 | -4/Warlord | Warlord base infiltrated, sounded retreat 11482 | -4/Warlord | Found Prototype Energy Gun 11482 | -4/Warlord | Identified Vortex Rifle 11485 | -4/Warlord | Found Vortex Rifle 11853 | -4/Warlord | Spotted Striker 11873 | -4/Warlord | Released all parts (8) 11874 | -4/Warlord | Core integrity fell below 50% 11878 | -4/Warlord | Core integrity fell below 20% 11880 | -4/Warlord | Destroyed by H-77 Assassin with High-powered Shotgun Last Messages --------------- 11873_ Released Lrg. Storage Unit. 11873_ Released Adv. Cryofiber Web. 11873_ Adv. Cryofiber Web crushed and broken. 11873_ Released Myomer Leg. 11873_ Myomer Leg crushed and broken. [Achievement: Hunted] 11874_ Penetrated by Slug. 11874_ Slug penetrates G-73 Enforcer. 11874_ G-73 Enforcer suffers critical hit (Destroy). 11877_ S-43 Plague suffers critical hit (Destroy). 11877_ S-43 Plague destroyed. 11877_ Slug penetrates H-88 Terminator. 11877_ S-27 Virus suffers critical hit (Destroy). 11877_ Slug penetrates Striker. 11877_ Penetrated by Slug. 11877_ Critical hit (Burn: +37). 11878_ Acquired Xenon Bombardment Thruster. 11880_ S-27 Virus destroyed. 11880_ Slug penetrates G-67 Veteran. 11880_ Slug penetrates System Quarantine Field Array. Map ----- +----------------------------------------------------+ | #?????????????????????????????????????????? | | ### #?#######?????????????????????????????????? | | ?## ###"""""#?????????????????????????????????? | | ?# ##"""""#?????????????????????????????????? | | ?# # " ""#?????????????????????????????????? | | ?# + """#?????????????????????????????????? | | ?# # " ""#?????????????????????????????????? | | ?# ##"""""#?????????????????????????????????? | | ?## ###"""""#?????????????????????????????????? | | ??# #?#######?????????????????????????????????? | | ??# #?????????????????????????????????????????? | | ??# #?????????????????????????????????????????? | | ??# #?????????????????????????????????????????? | | ??# #?????????????????????????????????????????? | | ??# #?????????????????????????????????????????? | | ??# #?????????????????????????????????????????? | | ??# #?????????????????????????????????????????? | | ??# #?????????????????????????????????????????? | | ??# #??????""?????????????????????????????????? | | ??# #?????#""#????????????????????????????????? | | ??# #?????#""#????????????????????????????????? | | ??# #?????#""#??????????????????????????????##? | | ### #######""#########????????????????##??? #? | | #=[=""[== # ########???????? ##? #?? | | %!!!*!""[[ "#???????? # #??? | | =!!=%%""! *sK=@ %%=#?####??# #???? | | % % |*[%]g=%%!=[ [%**=s*=g[## ### #???? | | % % =]%!%[=i%g %=s %!%hsh%gh=% #???????? | | [%%%!%! g g %%![sg!g= #????????? | | " [*=* *g ==%*%## = ] ##????????? | | % " !!""= ["="""#?? #/[ #???? #??? | | " /%""*=% =| """"""#???# ! ???? ??? | | # ""=== ;;;;########???# ##???? ??? | | ### #######""#########?????????## #????? ??? | | #?????#""#????????????????## #???? ???? | | #?????#""#????????????????# ##???? ???? | | "#?????""#???????????????## ##????? ???? | | ##?????""????????????????# #?????? #???? | | ##### #????????????????????????# #?????? #???? | | ????# #????????????????????????# ##?????? #???? | | ????# #????????????????????????# #??????? ##??? | | ####? #???????????????????????## ##????## #??? | | #? #??????????????????????## ##??## #??? | | #? #??????????????????????# ##?# #??? | | #?+#??????????????????##### ## ### #??? | | #????????????????????## # #### ## #??? | | ! #????????????????????# #?## ## #??? | | ! #????????????????????# ##?# ## ##??? | | ! #????????????????????# ## #?## #???? | | ######???????????????###### #??### ##???? | +----------------------------------------------------+ Best States ------------- Heat Dissipation 89 Energy Generation 43 Energy Capacity 555 Matter Stores 300 Matter Capacity 300 Sight Range 16 Terrain Scan Range 16 Terrain Scan Density 10 Base Temperature (-) 200 Armor Coverage 1050 Evasion (%) 55 Targeting Accuracy 5 Recoil Reduction 2 Kinecelleration 40 Item Schematics ----------------- None Robot Schematics ------------------ None Fabricated ------------ Nothing Alien Tech Used ----------------- None Achievements -------------- A Powerful Ally? Hunted Challenges ------------ None Game ------ Seed ShieldEtherialAutocannon Manual? 0 Play Time 02:04:04 Cumulative 68.2 hours Start 2024.07.06 @ 02:04:12 End 2024.07.16 @ 17:51:11 Sessions 11 Manual Loads 0 Difficulty Rogue Special Mode None Game No. 62 Rogue 62 Adventurer 0 Explorer 0 Win Type - Total 0 Types 0/0/0/0/0/0/0/0/0 Lore% 24 Gallery% 44 Achievement% 36 Wizard Run 0 Options --------- Layout 0 ASCII 0 Keyboard 1 Movement Numpad Keybinds 0 Fullscreen 2 Font 24/Smallcaps Map View 76x50 Zoom Use 0% Tactical HUD 1 Map Filters NONE Filters NONE Steam 1 RUN: d782e811-3a23-4575-b35d-bd5f30a7bd6b